 Dungeon Crawl Stone Soup version 0.28.0-53-g5a82cb258f (webtiles) character file.

Game seed: 17534200220036740582

29582 DildoBatman the Black Sun (level 13, -2/101 HPs)
             Began as a Formicid Conjurer on July 19, 2022.
             Was a High Priest of Kikubaaqudgha.
             Slain by a centaur warrior simulacrum (25 damage)
             ... on level 12 of the Dungeon.
             The game lasted 01:16:46 (17893 turns).

DildoBatman the Black Sun (Formicid Conjurer)      Turns: 17893, Time: 01:16:47

Health: -2/101     AC: 12    Str: 16    XL:     13   Next: 82%
Magic:  32/32      EV: 14    Int: 18    God:    Kikubaaqudgha [*****.]
Gold:   1094       SH:  0    Dex: 13    Spells: 6/26 levels left

rFire   . . .      SeeInvis +   a - +7 rapier "Acofu" {elec, rPois Will- Str+3 SInv}
rCold   . . .      Faith    .   (no shield)
rNeg    . . .      Spirit   .   o - +4 troll leather armour
rPois   +          Reflect  .   (helmet unavailable)
rElec   .          Harm     .   E - +0 cloak {rCorr}
rCorr   +          Rampage  .   y - +0 pair of gloves
Will    +....                   (no boots)
Stlth   ++........              m - amulet of magic regeneration
HPRegen 1.06/turn               J - ring of willpower
MPRegen 0.63/turn               Q - ring of magical power

@: no status effects
A: permanent stasis, dig shafts and tunnels, antennae 3, four strong arms,
subdued magic 1
a: Dig, Shaft Self, Renounce Religion, Receive Corpses, Torment


You were on level 12 of the Dungeon.
You worshipped Kikubaaqudgha.
Kikubaaqudgha was extremely pleased with you.
You visited 3 branches of the dungeon, and saw 15 of its levels.
You also visited: Ossuary and Bailey.

You collected 1564 gold pieces.
You spent 470 gold pieces at shops.

Inventory:

Hand Weapons
 a - the +7 rapier "Acofu" (weapon) {elec, rPois Will- Str+3 SInv}
   (You found it on level 7 of the Dungeon)

   It occasionally discharges a powerful burst of electricity upon striking a
   foe.
   Str:       It affects your strength (+3).
   rPois:     It protects you from poison.
   SInv:      It lets you see invisible.
   Will:      It decreases your willpower.
 b - a +5 hunting sling of flaming
 d - a +4 scimitar of flaming
 e - the +10 scimitar of Domination {freeze, rF+ SInv}
   (You bought it in a shop on level 2 of the Orcish Mines)

   It freezes those it strikes, dealing additional cold damage.
   It can also slow down cold-blooded creatures.
   rF:        It protects you from fire.
   SInv:      It lets you see invisible.
Missiles
 i - 15 poisoned darts
 l - 5 javelins
 n - 93 sling bullets
 v - 110 bolts
 C - 2 throwing nets
 I - 275 arrows
 L - 323 stones
 N - 6 curare-tipped darts
 R - 5 boomerangs
Armour
 o - a +4 troll leather armour (worn)
 y - a +0 pair of gloves (worn)
 E - a +0 cloak of preservation (worn)
 V - a +0 buckler
Magical Staves
 w - a staff of earth
Jewellery
 m - an amulet of magic regeneration (around neck)
 B - a ring of ice
 J - a ring of willpower (left hand)
 Q - a ring of magical power (right hand)
Wands
 r - a wand of flame (40)
 A - a wand of mindburst (16)
 G - a wand of iceblast (12)
 K - a wand of acid (9)
Scrolls
 f - a scroll of vulnerability {unknown}
 k - a scroll of summoning
 q - a scroll of holy word
 t - 2 scrolls of acquirement
 z - 2 scrolls of identify
 F - 3 scrolls of fear
 M - 2 scrolls of enchant weapon {unknown}
 T - 3 scrolls of amnesia
Potions
 c - 3 potions of magic {unknown}
 h - 7 potions of might
 j - 2 potions of ambrosia {unknown}
 p - 8 potions of curing
 u - 2 potions of degeneration {unknown}
 x - 3 potions of haste {unknown}
 D - a potion of resistance {unknown}
 H - 3 potions of heal wounds
 O - a potion of experience
 P - a potion of cancellation {unknown}
 S - 2 potions of flight {unknown}
Miscellaneous
 g - a piece from Xom's chessboard (15/15)
 W - a condenser vane


   Skills:
 * Level 9.0 Fighting
 * Level 9.6 Armour
 - Level 7.0 Dodging
 - Level 2.4 Stealth
 * Level 1.2 Shields
 - Level 7.0 Spellcasting
 - Level 6.0 Conjurations
 - Level 12.0 Necromancy
 - Level 6.0 Transmutations
 - Level 6.0 Air Magic
 - Level 6.0 Poison Magic


You had 6 spell levels left.
You knew the following spells:

 Your Spells              Type           Power      Damage    Failure   Level
a - Searing Ray           Conj           42%        2d6       1%          2
b - Ignite Poison         Fire/Tmut/Pois 15%        N/A       5%          3
c - Wereblood             Tmut           21%        N/A       1%          2
d - Vampiric Draining     Necr           38%        2d8       1%          3
e - Mephitic Cloud        Conj/Pois/Air  21%        N/A       2%          3
f - Magic Dart            Conj           84%        1d7       1%          1
h - Dispel Undead         Necr           38%        3d16      1%          4
z - Sublimation of Blood  Necr           38%        N/A       1%          2

Your spell library contained the following spells:

 Spells                   Type           Power      Damage    Failure   Level
 Animate Skeleton         Necr           76%        N/A       1%          1
 Beastly Appendage        Tmut           42%        N/A       1%          1
 Animate Dead             Necr           19%        N/A       1%          4
 Agony                    Necr           38%        N/A       1%          5
 Spider Form              Tmut/Pois      21%        N/A       2%          3
 Dazzling Flash           Conj/Hex       26%        N/A       9%          3
 Anguish                  Hex/Necr       10%        N/A       9%          4
 Apportation              Tloc           8%         N/A       10%         1
 Slow                     Hex            16%        N/A       10%         1
 Summon Small Mammal      Summ           16%        N/A       10%         1
 Death Channel            Necr           19%        N/A       12%         6
 Fulminant Prism          Conj/Hex       6%         3d7       30%         4
 Hailstorm                Conj/Ice       13%        3d5       30%         4
 Ice Form                 Ice/Tmut       13%        N/A       30%         4
 Iskenderun's Mystic Bla  Conj/Tloc      13%        2d5       30%         4
 Summon Lightning Spire   Summ/Air       13%        N/A       30%         4
 Call Canine Familiar     Summ           4%         N/A       32%         3
 Confusing Touch          Hex            4%         N/A       32%         3
 Summon Guardian Golem    Hex/Summ       4%         N/A       32%         3
 Freezing Cloud           Conj/Ice/Air   7%         6-21      50%         5
 Summon Ice Beast         Ice/Summ       4%         N/A       73%         4
 Simulacrum               Ice/Necr       10%        N/A       82%         6
 Lee's Rapid Deconstruct  Erth           2%         3d5*      97%         5
 Summon Mana Viper        Hex/Summ       4%         N/A       97%         5
 Monstrous Menagerie      Summ           2%         N/A       100%        7
 Storm Form               Tmut/Air       10%        N/A       100%        7
 Maxwell's Capacitive Co  Air            10%        ∞         100%        8


Dungeon Overview and Level Annotations

Branches:
Dungeon (12/15)            Temple (1/1) D:6            Lair (0/6) D:11
    Orc (2/2) D:9             Elf (0/3) Orc:2       Ossuary (visited)
 Bailey (visited)

Altars:
Ashenzari
Cheibriados
Dithmenos
Elyvilon
Fedhas
Gozag
Hepliaklqana
Kikubaaqudgha
Makhleb
Nemelex Xobeh
Okawaru
Qazlal
Ru
Sif Muna
Trog
Uskayaw
Vehumet
Wu Jian
Xom
Yredelemnul
Zin
The Shining One
Beogh

Shops:
D:3 !(   D:4 (!(?   D:5 (   D:6 (   Orc:2 *?!(

Portals:
Abyss: D:7

Annotations:
D:7 2 transporters, shaman420's ghost, novice OpAM


Innate Abilities, Weirdness & Mutations

You cannot be hasted, slowed, berserked, paralysed or teleported.
You can dig through walls and to a lower floor.
You have a pair of large antennae on your head. (SInv)
Your four strong arms can wield two-handed weapons with a shield.
Your spells are a little easier to cast, but a little less powerful.


Message History

There is an open door here.
Casting: Vampiric Draining (safe; 1% risk of failure)
Confirm with . or Enter, or press ? or * to list all spells.
Aiming: Mephitic Cloud (mildly dangerous; 2% risk of failure)
Press: ? - help, Shift-Dir - straight line, f - you That beam is likely to hit you.
Continue anyway?
The ball explodes into a vile cloud!
The stinking cloud engulfs you but does no damage.
The stinking cloud engulfs the eight-headed hydra but does no damage.
You are engulfed in noxious fumes.
You choke on the stench!
You are confused.
The eight-headed hydra bites you!
The eight-headed hydra barely misses you.
The eight-headed hydra closely misses you. x2
The eight-headed hydra bites you! The eight-headed hydra bites you.
The eight-headed hydra barely misses you.
The eight-headed hydra bites you but does no damage.
Your +4 scimitar of flaming stops flaming.
You feel stronger.
You hear the crackle of electricity.
a - the +7 rapier "Acofu" (weapon)
{elec, rPois Will- Str+3 SInv} You feel less confused.
The centaur warrior simulacrum hits you.
The centaur warrior simulacrum freezes you!
The centaur warrior simulacrum kicks you but does no damage.
The centaur warrior simulacrum misses you.
The centaur warrior simulacrum closely misses you.
Found 8 gold pieces.
The eight-headed hydra barely misses you.
The eight-headed hydra bites you. x3
The eight-headed hydra bites you but does no damage. x2
The eight-headed hydra bites you. The eight-headed hydra bites you!
The centaur warrior simulacrum closely misses you.
The centaur warrior simulacrum kicks you.
The centaur warrior simulacrum freezes you!!
You die...
Kikubaaqudgha rasps: "You have failed me!
Welcome... death!"

#..................#
#..................#
#..........<..))...#
#.................!#
#............).....#
#..............)...#
######..........D.......#
.....#..........Z.......#
.....#..........@.......#
.....#..................#
.....'..................#
.....#..................#
.....#..................#
.....#...........$......#
.....#............^.....#
.....#..................
.....#..........


You could see an eight-headed hydra and a centaur warrior simulacrum.

Vanquished Creatures
  Snorg (D:10)
  Fannar (D:10)
  A boulder beetle (D:7)
  Erica (D:8)
  3 two-headed ogres
  A death yak (D:11)
  A skeletal warrior (D:10)
  Pikel (D:8)
  5 orc knights
  9 orc sorcerers (Orc:2)
  A cyclops (Orc:2)
  A manticore (D:11)
  Maggie (D:7)
  Joseph (D:7)
  2 kobold demonologists (Bailey)
  An unseen horror (D:11)
  Psyche (D:8)
  5 trolls
  Prince Ribbit (D:9)
  A hornet (D:11)
  A centaur simulacrum (D:12)
  4 wyverns
  Sigmund (D:4)
  2 shadows
  4 yaks
  A vampire (D:9)
  A water elemental (D:12)
  A wraith (D:10)
  2 steam dragons
  Eustachio (D:3)
  3 vampire mosquitoes (D:11)
  A basilisk (D:11)
  11 wargs
  Duvessa (D:4)
  2 water moccasins (D:6)
  3 ice beasts
  A sky beast (D:8)
  A black bear (D:11)
  6 ogres
  32 orc warriors
  A necrophage (D:5)
  A phantom (D:4)
  A wolf (D:12)
  The ghost of DildoBatman the Conjurer, an amateur FoCj (D:4)
  5 centaurs
  A lemure (D:8)
  2 kobold brigands
  Blork the orc (D:4)
  A scorpion (D:3)
  4 bullfrogs
  A gnoll sergeant (D:12)
  A water moccasin skeleton (D:6)
  Dowan (D:4)
  5 killer bees (D:10)
  2 electric eels (Bailey)
  A howler monkey (D:7)
  3 wights (D:6)
  Crazy Yiuf (D:2)
  6 centaur zombies
  3 hounds
  2 jellies
  10 orc priests
  A gnoll shaman (D:7)
  3 bullfrog skeletons
  A bullfrog zombie (D:6)
  A centaur skeleton (D:4)
  3 iguanas
  Ijyb (D:3)
  54 orc wizards
  A hound zombie (D:5)
  5 hound skeletons
  12 mummies (Ossuary)
  A howler monkey zombie (D:4)
  Robin (D:2)
  9 gnolls
  A howler monkey skeleton (D:5)
  7 adders
  A shadow imp (D:6)
  A white imp (D:7)
  An ufetubus (D:5)
  2 adder skeletons (D:4)
  3 dart slugs
  119 orcs
  4 ball pythons
  2 endoplasms
  3 giant cockroaches
  21 goblins
  18 hobgoblins
  5 jackals
  17 kobolds
  7 quokkas
  3 training dummies (D:6)
  5 bats
  A frilled lizard (D:3)
  A gnoll skeleton (Ossuary)
  4 goblin skeletons (Ossuary)
  A kobold skeleton (Ossuary)
  2 orc skeletons (Ossuary)
  9 rats
  11 rat skeletons (Ossuary)
514 creatures vanquished.

Vanquished Creatures (others)
  A killer bee (D:10)
  An orc wizard (Orc:2)
  2 plants (D:11)
  4 toadstools (D:1)
8 creatures vanquished.

Grand Total: 522 creatures vanquished

Notes
Turn   | Place    | Note
-------+----------+-------------------------------------------
     0 | D:1      | DildoBatman the Formicid Conjurer began the quest for the
                  | Orb.
     0 | D:1      | Reached XP level 1. HP: 13/13 MP: 3/3
   196 | D:1      | Reached XP level 2. HP: 9/20 MP: 0/5
   199 | D:1      | Learned a level 2 spell: Searing Ray
   451 | D:1      | Reached skill level 1 in Fighting
   451 | D:1      | Reached skill level 1 in Armour
   632 | D:1      | Reached XP level 3. HP: 26/26 MP: 6/6
   676 | D:2      | Found a shadowy altar of Dithmenos.
  1033 | D:2      | Found a runed translucent door.
  1034 | D:2      | Noticed Crazy Yiuf
  1189 | D:2      | Reached XP level 4. HP: 29/32 MP: 0/8
  1264 | D:3      | Noticed an ice beast
  1330 | D:3      | Noticed Ijyb
  1385 | D:3      | Found a faded altar of an unknown god.
  1442 | D:3      | Learned a level 3 spell: Mephitic Cloud
  1632 | D:3      | Noticed a scorpion
  1750 | D:3      | Reached XP level 5. HP: 5/38 MP: 0/9
  1925 | D:3      | Reached skill level 1 in Poison Magic
  2025 | D:3      | Found Sihetril's Distillery.
  2226 | D:4      | Found Pukudic's Antique Weapon Emporium.
  2373 | D:4      | Noticed Eustachio
  2560 | D:4      | Noticed Blork the orc
  2643 | D:4      | Noticed a phantom
  2680 | D:4      | Found an opulent altar of Gozag.
  2680 | D:4      | Found a glowing silver altar of Zin.
  2720 | D:4      | Noticed Sigmund
  2861 | D:4      | Killed a phantom
  2862 | D:4      | Reached skill level 1 in Air Magic
  2862 | D:4      | Reached XP level 6. HP: 43/46 MP: 2/11
  2922 | D:4      | Noticed an ogre
  2972 | D:4      | Killed an ogre
  3055 | D:4      | Reached XP level 7. HP: 51/51 MP: 7/12
  3095 | D:4      | Found Udefuigg's Weapon Boutique.
  3142 | D:4      | Found Jaraes's Magic Scroll Shoppe.
  3150 | D:4      | Bought a scroll of identify for 26 gold pieces
  3182 | D:4      | Found a transporter.
  3184 | D:4      | Found a transporter.
  3184 | D:4      | Noticed DildoBatman's ghost (amateur FoCj)
  3303 | D:4      | Found Xoic Hua's Distillery.
  3311 | D:4      | Bought a potion of curing for 30 gold pieces
  3311 | D:4      | Bought a potion of heal wounds for 50 gold pieces
  3443 | D:4      | Noticed Dowan
  3518 | D:5      | Entered Level 5 of the Dungeon
  3829 | D:5      | Learned a level 3 spell: Vampiric Draining
  4658 | D:5      | Reached XP level 8. HP: 56/58 MP: 8/14
  4886 | D:5      | Found Sipn's Weapon Emporium.
  5039 | D:5      | Reached skill level 5 in Conjurations
  5916 | D:6      | Found Jutav's Firing Range.
  6021 | D:6      | Found an iron altar of Okawaru.
  6021 | D:6      | Found a basalt altar of Yredelemnul.
  6048 | D:6      | Reached skill level 5 in Spellcasting
  6063 | D:6      | Found a sand-covered staircase.
  6113 | Ossuary  | Entered an ossuary
  6918 | D:6      | Identified a scroll of acquirement
  7068 | D:6      | Found a shadowy altar of Dithmenos.
  7077 | D:6      | Reached XP level 9. HP: 53/63 MP: 11/18
  7173 | D:6      | Found a shimmering blue altar of Sif Muna.
  7312 | D:6      | Found Xablile's Distillery.
  7660 | D:6      | Found a staircase to the Ecumenical Temple.
  7665 | Temple   | Entered the Ecumenical Temple
  7728 | Temple   | Became a worshipper of Kikubaaqudgha
  7827 | D:6      | Reached skill level 5 in Poison Magic
  8076 | D:3      | Killed Ijyb
  8310 | D:3      | Killed Eustachio
  8422 | D:2      | Noticed Robin
  8445 | D:2      | Killed Robin
  8622 | D:2      | Killed Crazy Yiuf
  8761 | D:4      | Killed Blork the orc
  8761 | D:4      | Reached * piety under Kikubaaqudgha
  8761 | D:4      | Received a gift from Kikubaaqudgha
  8769 | D:4      | Learned a level 2 spell: Sublimation of Blood
  8773 | D:4      | Learned a level 3 spell: Ignite Poison
  8802 | D:4      | Noticed Duvessa
  8844 | D:4      | Killed Duvessa
  8850 | D:4      | Killed Sigmund
  8851 | D:4      | Reached skill level 5 in Air Magic
  8854 | D:4      | Killed Dowan
  9003 | D:4      | Killed DildoBatman's ghost
  9095 | D:7      | Noticed Joseph
  9125 | D:7      | Found a transporter.
  9242 | D:7      | Noticed Maggie
  9264 | D:7      | Killed Maggie
  9265 | D:7      | Reached skill level 1 in Necromancy
  9265 | D:7      | Reached XP level 10. HP: 70/70 MP: 11/20
  9291 | D:7      | Noticed a boulder beetle
  9436 | D:7      | Reached skill level 2 in Necromancy
  9544 | D:7      | Identified the +7 rapier "Acofu" {elec, rPois Will- Str+3
                  | SInv}
  9663 | D:7      | Reached skill level 3 in Necromancy
  9772 | D:7      | Found a one-way gate to the infinite horrors of the Abyss.
  9772 | D:7      | Noticed shaman420's ghost (novice OpAM)
  9871 | D:7      | Found a transporter.
  9928 | D:7      | Noticed a large abomination
 10213 | D:7      | Killed a boulder beetle
 10214 | D:7      | Reached skill level 4 in Necromancy
 10214 | D:7      | Reached skill level 5 in Transmutations
 10333 | D:7      | Killed Joseph
 10444 | D:8      | Reached ** piety under Kikubaaqudgha
 10572 | D:8      | Reached skill level 5 in Necromancy
 10782 | D:8      | Noticed Psyche
 10807 | D:8      | Killed Psyche
 10808 | D:8      | Reached skill level 6 in Necromancy
 10949 | D:8      | Noticed Pikel
 10958 | D:8      | Killed Pikel
 10959 | D:8      | Reached skill level 7 in Necromancy
 10959 | D:8      | Reached XP level 11. HP: 75/75 MP: 12/21
 11012 | D:8      | Noticed Erica
 11030 | D:8      | Killed Erica
 11031 | D:8      | Reached skill level 8 in Necromancy
 11517 | D:8      | Learned a level 2 spell: Wereblood
 11650 | D:9      | Noticed Prince Ribbit
 11660 | D:9      | Killed Prince Ribbit
 11661 | D:9      | Reached skill level 9 in Necromancy
 11834 | D:9      | Reached *** piety under Kikubaaqudgha
 11834 | D:9      | Received a gift from Kikubaaqudgha
 11840 | D:9      | Learned a level 4 spell: Dispel Undead
 11855 | D:9      | Found a flagged portal.
 11865 | Bailey   | Entered a bailey
 11957 | Bailey   | Noticed an orc knight
 11975 | Bailey   | Killed an orc knight
 11984 | Bailey   | Noticed a soul eater
 12124 | Bailey   | Identified the +1 plate armour of Too Many Cooks {+Inv
                  | Will+ Stlth+}
 12131 | Bailey   | Found an iron altar of Okawaru.
 12328 | Bailey   | Noticed an orc knight
 12355 | Bailey   | Killed an orc knight
 12356 | Bailey   | Reached skill level 10 in Necromancy
 13306 | D:9      | Found a staircase to the Orcish Mines.
 13514 | Orc:1    | Entered Level 1 of the Orcish Mines
 13561 | Orc:1    | Reached **** piety under Kikubaaqudgha
 13615 | Orc:1    | Reached XP level 12. HP: 65/84 MP: 22/22
 13694 | Orc:1    | Reached skill level 5 in Armour
 13704 | Orc:1    | Reached skill level 5 in Fighting
 14284 | Orc:2    | Entered Level 2 of the Orcish Mines
 14424 | Orc:2    | Reached skill level 11 in Necromancy
 14744 | Orc:2    | Reached ***** piety under Kikubaaqudgha
 14980 | Orc:2    | Reached skill level 12 in Necromancy
 15084 | Orc:2    | Found a staircase to the Elven Halls.
 15327 | Orc:2    | Noticed a soul eater
 15516 | Orc:2    | Reached skill level 5 in Dodging
 15527 | Orc:2    | Reached XP level 13. HP: 92/93 MP: 19/23
 15568 | Orc:2    | Found Ipteom's General Store.
 15568 | Orc:2    | Found Viezu's Magic Scroll Boutique.
 15574 | Orc:2    | Bought a scroll of amnesia for 63 gold pieces
 15574 | Orc:2    | Bought a scroll of noise for 18 gold pieces
 15802 | Orc:2    | Found Fasol's Distillery.
 15802 | Orc:2    | Found Qefypo's Antique Weapon Boutique.
 15816 | Orc:2    | Bought a potion of mutation for 112 gold pieces
 15816 | Orc:2    | Gained mutation: Your muscles are strong. (Str +2) [potion
                  | of mutation]
 15816 | Orc:2    | Gained mutation: Your muscles are very strong. (Str +4)
                  | [potion of mutation]
 15817 | Orc:2    | Lost mutation: Your muscles are very strong. (Str +4)
                  | [potion of mutation]
 15817 | Orc:2    | Lost mutation: Your muscles are strong. (Str +2) [potion of
                  | mutation]
 15817 | Orc:2    | Gained mutation: Your spells are a little easier to cast,
                  | but a little less powerful. [potion of mutation]
 15827 | Orc:2    | Bought a steaming scimitar for 171 gold pieces
 15827 | Orc:2    | Identified the +10 scimitar of Domination {freeze, rF+
                  | SInv} (You bought it in a shop on level 2 of the Orcish
                  | Mines)
 16161 | D:10     | Entered Level 10 of the Dungeon
 16470 | D:10     | Noticed Fannar
 16497 | D:10     | Killed Fannar
 16796 | D:10     | Noticed Snorg
 16820 | D:10     | Killed Snorg
 17247 | D:11     | Found a staircase to the Lair.
 17837 | D:12     | Reached skill level 1 in Shields
 17853 | D:12     | Noticed an eight-headed hydra
 17893 | D:12     | Slain by a centaur warrior simulacrum

Illustrated notes

Levels and vault maps discovered:
D:1:      ldierk_walled_garden_2, layout_rooms, minmay_cupped
D:2:      layout_basic, basic_altar, uniq_crazy_yiuf_cottage, uniq_robin
D:3:      layout_loops_ring, basic_ecumenical_altar, serial_shops, shop,
          moated_statue, uniq_ijyb
D:4:      layout_basic, grunt_temple_overflow_gold_and_silver,
          gammafunk_ghost_arena, serial_shops, nicolae_stop_n_shop_2, shop,
          nicolae_shop_window_shopping, shop_fountains, uniq_sigmund,
          uniq_eustachio, uniq_blork_the_orc, uniq_duvessa
D:5:      minmay_recursive_quarters, layout_layer_cave, serial_shops,
          nicolae_shop_bloodbath_and_beyond, dk_noncrumbling_4,
          hellmonk_bongcloud_opening, dk_vineyard_1, hangedman_decor_growths,
          corexii_corridor_pit, eino_curves_01, grunt_ministairs_4
D:6:      layout_cave_pods, lemuel_blue_sif_altar,
          mainiacjoe_overflow_concentric_impassable, jmf_multi_god_temple,
          temple_doors_ab, serial_shops, shop_coins,
          lightli_ossuary_entry_decrepit_ruins, nicolae_shop_firing_range
D:7:      layout_gridville, gammafunk_ghost_abyssal_escape, uniq_maggie,
          uniq_joseph
D:8:      layout_cave_pods, uniq_erica, uniq_psyche, uniq_pikel
D:9:      layout_stronghold, hiddenorc1_lemuel, enter_bailey_3,
          serial_column_ruins, column_ruins_corridor_T, column_ruins_grid_3,
          column_ruins_open_small, column_ruins_columns_straight,
          column_ruins_open_small, uniq_prince_ribbit1
D:10:     layout_layer_cave, lightli_fourway_metalbox, uniq_fannar, uniq_snorg
D:11:     layout_rooms, david_lair_generic
D:12:     layout_grid_maze, serial_ice, serial_ice_o, serial_ice_k,
          serial_ice_h, serial_ice_e, uniq_kirke, uniq_erolcha
Temple:   nicolae_temple_x_marks_the_god
Orc:1:    layout_caves, nooodl_orcs_dogs
Orc:2:    st_orc_town, layout_caves

Skill      XL: |  1  2  3  4  5  6  7  8  9 10 11 12 13 |
---------------+----------------------------------------+-----
Dodging        | 2 3 5 7 |  7.0
Fighting       | 1 2 3 4 6 9 |  9.0
Armour         | 1 2 3 4 7 9 |  9.6
Conjurations   | 4 6 |  6.0
Spellcasting   | 3 4 6 7 |  7.0
Poison Magic   | 2 3 4 6 |  6.0
Air Magic      | 1 2 6 |  6.0
Necromancy     | 1 7 10 12 | 12.0
Transmutations | 2 6 |  6.0
Shields        | 1 |  1.2
Stealth        | |  2.4

Action                   |  1- 3 |  4- 6 |  7- 9 | 10-12 | 13-15 || total
-------------------------+-------+-------+-------+-------+-------++-------
Melee: Dagger            |    32 |       |    15 |       |       ||    47
       Punch             |     1 |       |     2 |     3 |     5 ||    11
       Whip              |    36 |    27 |    10 |       |       ||    73
       Scimitar          |       |       |    61 |    13 |     1 ||    75
       Rapier            |       |       |       |   118 |   118 ||   236
 Fire: Shortbow          |       |       |     3 |       |       ||     3
       Hunting sling     |       |       |    26 |   155 |       ||   181
 Cast: Magic Dart        |    40 |    30 |    50 |     2 |       ||   122
       Searing Ray       |     4 |    16 |    88 |    15 |       ||   123
       Mephitic Cloud    |       |       |    15 |   134 |    39 ||   188
       Ignite Poison     |       |       |     1 |    53 |    13 ||    67
       Vampiric Draining |       |       |       |   153 |    50 ||   203
       Dispel Undead     |       |       |       |     2 |    24 ||    26
       Wereblood         |       |       |       |     2 |       ||     2
 Abil: Dig               |       |     1 |       |     2 |       ||     3
Evoke: Piece from Xom's  |       |       |     1 |     1 |       ||     2
       Wand              |       |       |     4 |       |       ||     4
  Use: Scroll            |       |     2 |     5 |     1 |     4 ||    12
       Potion            |       |       |     2 |     1 |     2 ||     5
 Stab: Sleeping          |     2 |       |     1 |       |       ||     3
       Confused          |       |       |     7 |     8 |     9 ||    24
       Paralysed         |       |       |       |     3 |       ||     3
Armor: Robe              |    27 |     9 |    31 |    38 |     9 ||   114
       Leather armour    |       |       |     7 |       |       ||     7
       Troll leather arm |       |       |       |       |    84 ||    84
Dodge: Dodged            |    66 |    20 |    99 |   174 |   171 ||   530
